 Dungeon Crawl Stone Soup version 0.31-a0-237-g2d982f9f85 (webtiles) character file.

Game seed: 1882963644201119248

53 qw the Shooter (level 3, 0/21 HPs)
             Began as a Gargoyle Hexslinger on July 10, 2023.
             Slain by a scorpion (4 damage)
             ... on level 2 of the Dungeon.
             The game lasted 00:00:29 (1039 turns).

qw the Shooter (Gargoyle Hexslinger)                Turns: 1039, Time: 00:00:29

Health: 0/21       AC:  5    Str: 11    XL:     3   Next: 89%
Magic:  4/4        EV: 12    Int: 13    God:
Gold:   0          SH:  0    Dex: 14    Spells: 3/4 levels left

rFire   . . .        Y - +1 sling
rCold   . . .        (no shield)
rNeg    + . .        c - +0 robe
rPois   inf          (no helmet)
rElec   +            (no cloak)
rCorr   .            (no gloves)
SInv    .            (no boots)
Will    .....        (no amulet)
Stlth   +            (no ring)
HPRegen 0.23/turn    (no ring)
MPRegen 0.09/turn

%: no passive effects
@: about to teleport
A: sickness immunity, AC +3, negative energy resistance 1, electricity
resistance, torment resistance 1, petrification resistance
a: no special abilities


You were on level 2 of the Dungeon.
You visited 1 branch of the dungeon, and saw 2 of its levels.

You collected 1034 gold pieces.
You spent 1034 gold pieces at shops.


Innate Abilities, Weirdness & Mutations

You are immune to sickness and miasma.
Your stone body is resilient. (AC +3)
You are immune to poison.
You resist negative energy. (rN+)
You are resistant to electric shocks. (rElec)
You are resistant to unholy torment.
You are immune to petrification.


   Skills:
 - Level 2.1 Fighting
 + Level 3.6 Ranged Weapons
 - Level 1.5 Dodging
 - Level 1.0 Spellcasting
 - Level 2.6 Hexes


You had 3 spell levels left.
You knew the following spells:

 Your Spells              Type           Power      Damage    Failure   Level
a - Slow                  Hex            28%        N/A       10%         1

Your spell library contained the following spells:

 Spells                   Type           Power      Damage    Failure   Level
 Inner Flame              Hex/Fire       4%         N/A       43%         3
 Portal Projectile        Hex/Tloc       8%         N/A       43%         3
 Cause Fear               Hex            3%         N/A       67%         4

Inventory:

Hand Weapons
 Y - a +1 sling (weapon)
Armour
 c - a +0 robe (worn)
 g - a +0 helmet
 i - a +0 ring mail
Jewellery
 k - the amulet "Loonuaqa" {RegenMP rC+ rN+}
   (You bought it in a shop on level 2 of the Dungeon)

   [amulet of magic regeneration]

   It increases your rate of magic regeneration.
   rC:        It protects you from cold.
   rN:        It protects you from negative energy.
 l - a ring of protection from fire
Scrolls
 a - 2 scrolls of enchant armour
 b - a scroll of enchant weapon {unknown}
 f - 3 scrolls of identify
 h - 2 scrolls of teleportation
Potions
 d - 2 potions of curing
 e - a potion of lignification {unknown}
 j - a potion of mutation {unknown}
 m - a potion of magic {unknown}

Dungeon Overview and Level Annotations

Branches:
Dungeon (2/15)

Altars:

Shops:
D:2 *


Message History

The scorpion is moderately wounded.
You hear an angry hiss.
The scorpion barely misses you. The scorpion closely misses you.
You shoot a sling bullet. The sling bullet hits the scorpion.
The scorpion is heavily wounded.
The scorpion stings you but does no damage.
You shoot a sling bullet.
The sling bullet hits the scorpion but does no damage.
The scorpion is heavily wounded.
You hear an angry hiss.
The scorpion stings you. The scorpion barely misses you.
You shoot a sling bullet.
The sling bullet barely misses the scorpion.
The scorpion stings you.
You shoot a sling bullet. The sling bullet hits the scorpion!
The scorpion is severely wounded.
The scorpion stings you.
You shoot a sling bullet.
The sling bullet hits the scorpion but does no damage.
The scorpion is severely wounded.
You hear an angry hiss.
The scorpion stings you.
A ball python comes into view.
The scorpion closely misses you.
You shoot a sling bullet. The sling bullet hits the scorpion.
The scorpion is almost dead.
The scorpion stings you.
You shoot a sling bullet.
The sling bullet barely misses the scorpion.
The sling bullet hits the kobold but does no damage.
The scorpion barely misses you. The scorpion misses you.
You shoot a sling bullet.
The sling bullet closely misses the scorpion.
The sling bullet closely misses the kobold.
The scorpion barely misses you. The scorpion stings you.
1039 ||| READING 3 scrolls of teleportation.
As you read the scroll of teleportation, it crumbles to dust.
You feel strangely unstable. The scorpion stings you.
You die...

# #.# ###.# .##.# # #
#.#.# #.# ##. ..
##..#### #.###.. ##.#
#.#....# .##..##.##...
.#####.##.##.. ..#KS#
..........##.# #.sB#
#####%..####.# #@#
##.[...###.###.##
###...............#
.............####.......
##.\.......### ###....
###....[#.# ###
##......# ######)# #.#


You could see a scorpion, a giant cockroach, a ball python and a kobold.

Vanquished Creatures
  3 adders (D:2)
  5 ball pythons
  3 endoplasms (D:1)
  5 goblins
  3 hobgoblins
  A quokka (D:2)
  A bat (D:1)
  A frilled lizard (D:1)
  2 kobolds
  2 rats (D:1)
26 creatures vanquished.

Notes
Turn   | Place    | Note
-------+----------+-------------------------------------------
     0 | D:1      | qw the Gargoyle Hexslinger began the quest for the Orb.
     0 | D:1      | Reached XP level 1. HP: 12/12 MP: 2/2
     0 | D:1      | 0 ||| qw: Version: 0.3-a-52-g30416fa
     0 | D:1      | 0 ||| qw: Game counter: 5296
     0 | D:1      | 0 ||| qw: Melee chars always use a shield: true
     0 | D:1      | 0 ||| qw: God list: Okawaru
     0 | D:1      | 0 ||| qw: Allow faded altars: false
     0 | D:1      | 0 ||| qw: Do Orc after clearing Dungeon:15 true
     0 | D:1      | 0 ||| qw: Do second Lair branch before Depths: true
     0 | D:1      | 0 ||| qw: Lair rune preference: random
     0 | D:1      | 0 ||| qw: Goals: Normal
     0 | D:1      | 0 ||| PLANNING D:1-11
     8 | D:1      | Noticed a merfolk
    10 | D:1      | Noticed an elf
    13 | D:1      | Noticed a human
    17 | D:1      | Noticed a felid
   113 | D:1      | Reached XP level 2. HP: 16/16 MP: 3/3
   253 | D:1      | Reached skill level 3 in Ranged Weapons
   596 | D:1      | 596 ||| READING 2 scrolls labelled PUMAMA QANKE.
   597 | D:1      | 597 ||| READING 2 scrolls labelled TUASEZ IFALO.
   598 | D:1      | 598 ||| READING 2 scrolls labelled QAET YNUSHOSU.
   599 | D:1      | 599 ||| READING 2 scrolls labelled SOCOSU GAFIPTE.
   604 | D:1      | 604 ||| READING scroll labelled IRCHICUBLURPHEA.
   604 | D:1      | Identified a scroll of acquirement
   604 | D:1      | 604 ||| ACQUIRING 898 gold pieces
   604 | D:1      | Acquired 898 gold pieces
   606 | D:1      | 606 ||| DROPPING scroll of poison.
   607 | D:1      | 607 ||| DROPPING scroll of vulnerability.
   652 | D:2      | Reached XP level 3. HP: 17/21 MP: 4/4
   661 | D:2      | 661 ||| FLEEEEING.
   662 | D:2      | 662 ||| STAIRDANCE
   683 | D:1      | 683 ||| READING scroll labelled QOLEVEJ KEUWUONA.
   790 | D:2      | Found a faded altar of an unknown god.
   951 | D:2      | Found Besomir's General Store.
   989 | D:2      | 989 ||| BUYING 2 scrolls of teleportation (72 gold).
   989 | D:2      | Bought 2 scrolls of teleportation for 72 gold pieces
   989 | D:2      | 989 ||| BUYING amulet "Loonuaqa" {RegenMP rC+ rN+} (578
                  | gold).
   989 | D:2      | Bought the amulet "Loonuaqa" {RegenMP rC+ rN+} for 578 gold
                  | pieces
   989 | D:2      | 989 ||| BUYING potion of curing (36 gold).
   989 | D:2      | Bought a potion of curing for 36 gold pieces
   989 | D:2      | 989 ||| BUYING ring of protection from fire (300 gold).
   989 | D:2      | Bought a ring of protection from fire for 300 gold pieces
   989 | D:2      | 989 ||| BUYING scroll of identify (24 gold).
   989 | D:2      | Bought a scroll of identify for 24 gold pieces
   989 | D:2      | 989 ||| BUYING scroll of identify (24 gold).
   989 | D:2      | Bought a scroll of identify for 24 gold pieces
   989 | D:2      | 989 ||| SHOPLISTING scroll of teleportation (36 gold, have
                  | 0).
  1024 | D:2      | Noticed a scorpion
  1038 | D:2      | HP: 4/21 [scorpion (5)]
  1039 | D:2      | 1039 ||| READING 3 scrolls of teleportation.
  1039 | D:2      | Slain by a scorpion

Levels and vault maps discovered:
D:1:      shiori_arrival_whats_in_store_for_you, layout_loops_ring
D:2:      layout_loops_ring, serial_shops, shop,
          dilly_ecumenical_altar_fadedgnrine, minmay_box_of_dots

Skill      XL: |  1  2 |
---------------+-------+-----
Ranged Weapons | 3 |  3.6
Fighting       | 2 |  2.1
Dodging        | |  1.5
Spellcasting   | |  1.0
Hexes          | |  2.6

Action                     || total
---------------------------++-------
   Fire: Sling             ||   116
    Use: Scroll            ||     7
 Armour: Robe              ||    27
  Dodge: Dodged            ||    50

Table legend:
 A = Non-vault XP
 B = Vault XP
 C = Vault XP percentage of total XP
 D = Non-vault monster count
 E = Vault monster count
 F = Vault count percentage of total count
                 A         B        C        D         E       F
            +---------+---------+-------+---------+---------+-------
      Total |      77 |       0 |   0.0 |      26 |       0 |   0.0
            +---------+---------+-------+---------+---------+-------
        D:1 |      25 |       0 |   0.0 |      15 |       0 |   0.0
        D:2 |      52 |       0 |   0.0 |      11 |       0 |   0.0
            +---------+---------+-------+---------+---------+-------
